General information
- name: BNet
- type: Ladder 1vs1/FFA
- host: Battle.net
- saver: idontplayfair
map: CentaurGrove
- players: 2
- length: 09:41
- speed: Fast
- version: 1.26 W3XP
- replay type: Public
» download(24 KB)
Players
team 1 (loser)
isprito.da.noit (
yellow | 50 APM | 454 actions | 09:07)
1 Demon Hunter
1 Evasion
» actions
| Assign group hotkey | 9 | |
| Build / train | 27 | |
| ESC pressed | 4 | |
| Enter build submenu | 7 | |
| Enter hero's abilities submenu | 1 | |
| Right click | 206 | |
| Select / deselect | 138 | |
| Select group hotkey | 51 | |
| Use ability | 11 | |
454 total
» units
» buildings
| Altar of Elders | 1 | |
| Moon Well | 4 | |
| Ancient of War | 1 | |
6 total
» build order
00:09 Altar of Elders
00:14 Moon Well
00:41 Ancient of War
01:37 Moon Well
01:49 Moon Well
02:52 Moon Well
team 2 (winner)
idontplayfair (
blue | 40 APM | 388 actions | 09:41)
» actions
| Assign group hotkey | 13 | |
| Basic commands | 1 | |
| Build / train | 38 | |
| ESC pressed | 4 | |
| Enter build submenu | 16 | |
| Right click | 123 | |
| Select / deselect | 100 | |
| Select group hotkey | 59 | |
| Use ability | 34 | |
388 total
» units
» buildings
| Lumber Mill | 1 | |
| Scout Tower | 9 | |
| Guard Tower | 11 | |
| Farm | 3 | |
| Arcane Tower | 1 | |
| Town Hall | 1 | |
| Altar of Kings | 1 | |
| Keep | 1 | |
28 total
» build order
00:07 Lumber Mill
00:51 Scout Tower
01:04 Guard Tower
01:10 Scout Tower
01:26 Guard Tower
01:26 Guard Tower
01:30 Scout Tower
01:45 Guard Tower
01:45 Guard Tower
01:56 Farm
02:31 Scout Tower
03:00 Guard Tower
03:06 Farm
03:41 Scout Tower
03:44 Scout Tower
03:54 Scout Tower
04:01 Guard Tower
04:11 Guard Tower
04:12 Guard Tower
04:40 Arcane Tower
05:25 Scout Tower
05:26 Scout Tower
05:39 Town Hall
05:53 Altar of Kings
05:55 Farm
06:20 Guard Tower
06:58 Keep
Chat log
(02:50 / All) idontplayfair: human is the master race
(04:59 / All) idontplayfair: usa # 1
(07:07 / All) isprito.da.noit: who you come with my so fast??
(07:12 / All) idontplayfair: ENGLISH?
(07:13 / All) isprito.da.noit: map hack?
(07:44 / All) isprito.da.noit: i go see the replay
(07:54 / All) isprito.da.noit: probably map rack
(08:23 / All) isprito.da.noit: i will report you